 Dungeon Crawl Stone Soup version 0.18-a0-1466-g2490093 (webtiles) character file.

421 gorblad the Covert (level 6, 0/39 HPs)
             Began as an Octopode Assassin on Mar 1, 2016.
             Slain by a gnoll
             ... wielding a +0 spear
              (5 damage)
             ... on level 3 of the Dungeon.
             The game lasted 00:03:39 (3497 turns).

gorblad the Covert (Octopode Assassin)              Turns: 3497, Time: 00:03:39

Health: 0/39       AC:  1    Str: 17    XL:     6   Next: 94%
Magic:  6/6        EV: 14    Int: 18    God:
Gold:   84         SH:  0    Dex: 14    Spells: 0 memorised, 5 levels left

rFire  . . .     SeeInvis .     a - +3 dagger
rCold  . . .     Gourm    .     (no shield)
rNeg   . . .     Faith    .     (helmet restricted)
rPois  .         Spirit   .     (no amulet)
rElec  .         Dismiss  .     (no ring)
rCorr  .         Reflect  .     (no ring)
SustAt .         Harm     .     (no ring)
MR     .....                    (no ring)
Stlth  ++++++....               (no ring)
                                (no ring)
                                (no ring)
                                (no ring)

@: mighty, brilliant, flying, not resistant to hostile enchantments, very
stealthy
A: almost no armour, amphibious, 8 rings, constrict 8, camouflage 1, gelatinous
body 1
a: no special abilities


You were on level 3 of the Dungeon.
You were not hungry.

You visited 1 branch of the dungeon, and saw 3 of its levels.

You collected 84 gold pieces.

Inventory:

Hand Weapons
 a - a +3 dagger (weapon)
 b - a +0 blowgun
Missiles
 c - 8 poisoned needles
 d - 2 curare-tipped needles
Jewellery
 o - an uncursed ring of stealth {unknown}
Scrolls
 h - 3 scrolls of identify
 i - 2 scrolls of random uselessness {unknown}
 j - 2 scrolls of remove curse {unknown}
 k - a scroll of fear {unknown}
 m - a scroll of blinking {unknown}
 q - a scroll of enchant weapon
 s - a scroll of fog {unknown}
Potions
 e - 2 potions of degeneration
Comestibles
 f - 3 bread rations
 g - 3 fruits
 n - a chunk of flesh


   Skills:
 - Level 2.0 Fighting
 - Level 2.0 Short Blades
 - Level 2.0 Throwing
 + Level 4.8 Dodging
 + Level 8.8 Stealth


You had 5 spell levels left.
You didn't know any spells.

Dungeon Overview and Level Annotations

Branches:
Dungeon (3/15)

Altars:
Cheibriados
Okawaru


Innate Abilities, Weirdness & Mutations

You cannot wear most types of armour.
You are amphibious.
You can wear up to eight rings at the same time.
You can use your tentacles to constrict eight enemies at once.
Your skin changes colour to match your surroundings (Stealth).
Your rubbery body absorbs attacks (AC +1).


Message History

You kill the gnoll!
The gnoll misses you.
The gnoll hits you from afar with a spear.
The gnoll hits you from afar with a spear of venom.
* * * LOW HITPOINT WARNING * * *
You are too injured to fight recklessly!
Drink which item? (? for menu, Esc to quit)
It was a potion of flight.
You feel very buoyant.
You fly up into the air.
The gnoll barely misses you.
Drink which item? (? for menu, Esc to quit)
It was a potion of brilliance.
You feel clever all of a sudden.
The gnoll hits you from afar with a spear.
* * * LOW HITPOINT WARNING * * *
Drink which item? (? for menu, Esc to quit)
It was a potion of might.
You feel very mighty all of a sudden.
The gnoll hits you from afar with a spear.
You die...

#.###.# #.# #.# #.# #.#
#.###.# #.# ##+# #.....#
#.# #...# ##...### #.#
.....# ##.###(## ##.#
......# #.## ##.# #..#
......g###.# #.######.#.
......gg.@.## ##).........
......)####.###.#######.#.
......# ##....# #.##
.....# ####.# #.## #...#
#.# #.## ##+####### #.#
#... #.#....<# #.# ###.
#.#.#...######.# #.
######.#............# #.


You could see 3 gnolls.

Vanquished Creatures
  Sigmund (D:2)
  Jessica (D:2)
  Natasha (D:2)
  3 gnolls
  9 adders
  4 worms
  A dart slug (D:3)
  8 orcs
  7 giant cockroaches
  9 goblins
  8 hobgoblins
  2 quokkas
  A ball python (D:2)
  8 bats
  3 giant newts
  13 kobolds
  6 rats
85 creatures vanquished.

Notes
Turn   | Place    | Note
--------------------------------------------------------------
     0 | D:1      | gorblad the Octopode Assassin began the quest for the Orb.
     0 | D:1      | Reached XP level 1. HP: 14/14 MP: 1/1
   265 | D:1      | Reached XP level 2. HP: 14/19 MP: 2/2
   629 | D:2      | Reached skill level 6 in Stealth
   629 | D:2      | Reached XP level 3. HP: 24/24 MP: 3/3
  1029 | D:2      | Reached XP level 4. HP: 18/29 MP: 4/4
  1267 | D:2      | Noticed Sigmund
  1279 | D:2      | Killed Sigmund
  1279 | D:2      | Reached skill level 7 in Stealth
  1279 | D:2      | Reached XP level 5. HP: 11/34 MP: 5/5
  1279 | D:2      | Reached XP level 6. HP: 12/39 MP: 6/6
  1528 | D:2      | Reached skill level 8 in Stealth
  1530 | D:2      | Noticed Natasha
  1536 | D:2      | Killed Natasha
  1918 | D:2      | Found an iron altar of Okawaru.
  2200 | D:2      | Noticed Jessica
  2208 | D:2      | Killed Jessica
  2343 | D:2      | Found a snail-covered altar of Cheibriados.
  3497 | D:3      | Slain by a gnoll

Vault maps used:
D:1:      minmay_arrival_split_and_join
D:2:      kennysheep_six_static_rooms, cheibriados_altar_1, first_bread,
          okawaru_altar_gauntlet_db, uniq_sigmund, uniq_jessica, uniq_natasha

Skill      XL: |  1  2  3  4  5  6 |
---------------+-------------------+-----
Dodging        | 2 4 |  4.8
Stealth        | 6 7 8 |  8.8
Fighting       | |  2.0
Short Blades   | |  2.0
Throwing       | |  2.0

Action                   |  1- 3 |  4- 6 || total
-------------------------+-------+-------++-------
Melee: Dagger            |    42 |   114 ||   156
  Use: Scroll            |     2 |       ||     2
       Potion            |       |     5 ||     5
 Stab: Sleeping          |    14 |    18 ||    32
       Distracted        |       |     1 ||     1
  Eat: Chunk             |       |     8 ||     8
